 Dungeon Crawl Stone Soup version 0.25-a0-426-g7d9e569eea (webtiles) character file.

Game seed: 5261703522201663731, levelgen mode: deterministic

1870 Elellon the Thaumaturge (level 8, -16/41 HPs)
             Began as a Deep Elf Conjurer on Jan 25, 2020.
             Was an Initiate of Vehumet.
             Demolished by an orc warrior
             ... wielding a +0 scimitar
              (18 damage)
             ... on level 7 of the Dungeon.
             The game lasted 00:13:44 (7820 turns).

Elellon the Thaumaturge (Deep Elf Conjurer)         Turns: 7820, Time: 00:13:45

Health: -16/41     AC:  5    Str:  7    XL:     8   Next: 90%
Magic:  9/24       EV: 13    Int: 21    God:    Vehumet [......]
Gold:   226        SH:  2    Dex: 15    Spells: 21/28 levels left

rFire    . . .     SeeInvis .   t - +1 whip of a Labyrinth {holy, rN+}
rCold    . . .     Gourm    .   (no shield)
rNeg     + . .     Faith    .   a - +0 robe
rPois    .         Spirit   .   (no helmet)
rElec    .         Reflect  +   (no cloak)
rCorr    .         Harm     .   y - +2 pair of gloves {archery}
MR       .....                  (no boots)
Stlth    ++........             m - +2 amulet of reflection
HPRegen  0.13/turn              (no ring)
MPRegen  0.19/turn              (no ring)

@: no status effects
A: no striking features
a: Renounce Religion


You were on level 7 of the Dungeon.
You worshipped Vehumet.
Vehumet was noncommittal.
You were hungry.

You visited 2 branches of the dungeon, and saw 8 of its levels.

You collected 226 gold pieces.

Inventory:

Hand Weapons
 e - a +3 short sword
 t - the +1 whip of a Labyrinth (weapon) {holy, rN+}
   (You found it on level 4 of the Dungeon)

   It has been blessed by the Shining One to cause great damage to the undead
   and demons.
   It protects you from negative energy.
Armour
 a - a +0 robe (worn)
 y - a +2 pair of gloves of archery (worn)
Jewellery
 m - a +2 amulet of reflection (around neck)
 u - an uncursed amulet of magic regeneration {unknown}
Wands
 w - a wand of scattershot (11)
Scrolls
 d - 4 scrolls of identify
 f - 2 scrolls of blinking
 l - 3 scrolls of teleportation
 o - a scroll of magic mapping
 p - a scroll of remove curse
 v - a scroll of fear
 x - 2 scrolls of enchant weapon {unknown}
Potions
 b - 4 potions of lignification {unknown}
 g - a potion of cancellation {unknown}
 i - 2 potions of flight {unknown}
 j - a potion of brilliance {unknown}
 k - 4 potions of agility {unknown}
 n - 4 potions of curing {unknown}
 q - 3 potions of heal wounds {unknown}
 r - 2 potions of resistance {unknown}
 s - a potion of might {unknown}
Comestibles
 c - 14 rations


   Skills:
 - Level 2.4 Dodging
 - Level 2.4 Stealth
 + Level 10.9 Spellcasting
 + Level 10.0 Conjurations


You had 21 spell levels left.
You knew the following spells:

 Your Spells              Type           Power        Failure   Level  Hunger
a - Magic Dart            Conj           ####         1%          1    None
b - Searing Ray           Conj           ######       1%          2    None
c - Iskenderun's Mystic   Conj/Tloc      ####....     8%          4    #......

Your spell library contained the following spells:

 Spells                   Type           Power        Failure   Level  Hunger
 Dazzling Flash           Conj/Hex       ####..       2%          3    None
 Animate Skeleton         Necr           N/A          6%          1    None
 Apportation              Tloc           ##....       6%          1    None
 Corona                   Hex            ##.....      6%          1    None
 Summon Small Mammal      Summ           ##..         6%          1    None
 Fulminant Prism          Conj/Hex       ####......   8%          4    #......


Dungeon Overview and Level Annotations

Branches:
Dungeon (7/15)             Temple (1/1) D:4

Altars:
Ashenzari
Cheibriados
Dithmenos
Elyvilon
Fedhas
Gozag
Hepliaklqana
Kikubaaqudgha
Makhleb
Nemelex Xobeh
Okawaru
Qazlal
Sif Muna
Trog
Uskayaw
Vehumet
Wu Jian
Xom
Yredelemnul
Zin
The Shining One


Message History

Aim: an orc warrior, wielding a +0 scimitar and wearing a cursed +0 plate armour (heavily wounded)
The searing ray hits the orc warrior.
The orc warrior is heavily wounded.
The searing ray hits the orc!
You kill the orc!
Vehumet accepts your kill. (Press . to maintain the ray.)
The orc shouts!
The orc warrior hits you with a +0 scimitar!
The searing ray hits the orc warrior.
The orc warrior is severely wounded.
The orc warrior hits you with a +0 scimitar!
* * * LOW HITPOINT WARNING * * *
The searing ray hits the orc warrior.
The orc warrior is almost dead.
The searing ray hits the orc!
You kill the orc!
Vehumet accepts your kill.
The orc warrior hits you with a +0 scimitar!!
You die...

###.######
...)).o@.#
....####.#
# ... ####


You could see an orc warrior.

Vanquished Creatures
  Sigmund (D:5)
  2 sky beasts
  4 ogres
  2 centaurs (D:6)
  2 bullfrogs (D:6)
  A scorpion (D:6)
  A water moccasin skeleton (D:4)
  A crimson imp (D:6)
  2 howler monkeys
  A jelly (D:6)
  An orc priest (D:7)
  4 hounds
  2 orc wizards
  2 iguanas
  Jessica (D:2)
  Ijyb (D:4)
  4 worker ants
  5 gnolls
  5 adders
  A shadow imp (D:6)
  2 oozes
  An adder skeleton (D:4)
  2 adder zombies
  5 worms
  5 dart slugs
  5 leopard geckos
  20 orcs
  8 giant cockroaches
  9 hobgoblins
  3 jackals (D:1)
  12 kobolds
  2 quokkas
  2 ball pythons
  11 bats
  10 frilled lizards
  11 goblins
  A jackal zombie (D:6)
  A quokka zombie (D:6)
  13 rats
166 creatures vanquished.

Vanquished Creatures (others)
  A human (D:5)
1 creature vanquished.

Grand Total: 167 creatures vanquished

Notes
Turn   | Place    | Note
-------+----------+-------------------------------------------
     0 | D:1      | Elellon the Deep Elf Conjurer began the quest for the Orb.
     0 | D:1      | Reached XP level 1. HP: 10/10 MP: 6/6
    87 | D:1      | Reached XP level 2. HP: 2/15 MP: 0/8
   669 | D:1      | Reached XP level 3. HP: 19/19 MP: 7/10
   672 | D:1      | Reached skill level 5 in Conjurations
  1625 | D:2      | Noticed Jessica
  1632 | D:2      | Killed Jessica
  1632 | D:2      | Reached XP level 4. HP: 24/24 MP: 6/12
  1821 | D:2      | Reached skill level 5 in Spellcasting
  2450 | D:3      | Reached XP level 5. HP: 15/28 MP: 5/15
  2815 | D:3      | Learned a level 2 spell: Searing Ray
  2820 | D:3      | Learned a level 4 spell: Iskenderun's Mystic Blast
  3042 | D:3      | Noticed a sky beast
  3048 | D:3      | Killed a sky beast
  3103 | D:3      | Found a burning altar of Makhleb.
  3103 | D:3      | Found a snail-covered altar of Cheibriados.
  3227 | D:4      | Reached XP level 6. HP: 32/32 MP: 12/17
  3728 | D:4      | Found a staircase to the Ecumenical Temple.
  3735 | Temple   | Entered the Ecumenical Temple
  3934 | Temple   | Became a worshipper of Vehumet
  4220 | D:4      | Got a translucent whip
  4260 | D:4      | Identified the +1 whip of a Labyrinth {holy, rN+} (You
                  | found it on level 4 of the Dungeon)
  4308 | D:4      | Noticed Ijyb
  4313 | D:4      | Killed Ijyb
  4585 | D:4      | Reached XP level 7. HP: 36/36 MP: 15/20
  4910 | D:5      | Entered Level 5 of the Dungeon
  5303 | D:5      | Found an ancient bone altar of Kikubaaqudgha.
  5305 | D:5      | Noticed a human
  5310 | D:5      | Killed a human
  5341 | D:5      | Noticed Sigmund
  5348 | D:5      | Killed Sigmund
  5348 | D:5      | Reached XP level 8. HP: 41/41 MP: 16/23
  6517 | D:6      | Reached skill level 10 in Spellcasting
  7812 | D:7      | Reached skill level 10 in Conjurations
  7819 | D:7      | HP: 2/41 [orc warrior/+0 scimitar (12)]
  7820 | D:7      | Demolished by an orc warrior

Levels and vault maps discovered:
D:1:      wander_arrival_peaceful_grave, layout_rooms, minmay_distorted
D:2:      layout_loops_ring, chequers_serial_rivers_micro_b, uniq_jessica
D:3:      layout_rooms, gammafunk_temple_overflow_pools
D:4:      minmay_thinvault, layout_loops_ring, minmay_temple_entry_slanted,
          serial_bayou_pond_a, uniq_ijyb
D:5:      minmay_angry_zag, layout_layer_cave, first_ration, tgw_kikubaaqudgha,
          uniq_sigmund
D:6:      layout_loops_ring
D:7:      layout_loops_ring, grunt_livestock
Temple:   eino_narrow_crystal_temple

Skill      XL: |  1  2  3  4  5  6  7  8 |
---------------+-------------------------+-----
Spellcasting   | 4 5 6 7 9 10 | 10.9
Conjurations   | 5 6 7 8 10 | 10.0
Dodging        | |  2.4
Stealth        | |  2.4

Action                   |  1- 3 |  4- 6 |  7- 9 || total
-------------------------+-------+-------+-------++-------
Melee: Unarmed           |    18 |       |       ||    18
 Cast: Magic Dart        |    95 |   112 |    84 ||   291
       Searing Ray       |       |     8 |    30 ||    38
  Use: Scroll            |       |       |     8 ||     8
  Eat: Chunk             |     2 |     9 |     9 ||    20
Armor: Robe              |    12 |       |     1 ||    13
Dodge: Dodged            |    30 |     8 |     5 ||    43

Table legend:
 A = Non-vault XP
 B = Vault XP
 C = Vault XP percentage of total XP
 D = Non-vault monster count
 E = Vault monster count
 F = Vault count percentage of total count
                 A         B        C        D         E       F
            +---------+---------+-------+---------+---------+-------
      Total |    1695 |     977 |  36.6 |     143 |      23 |  13.9
            +---------+---------+-------+---------+---------+-------
        D:1 |      57 |       3 |   5.0 |      33 |       2 |   5.7
        D:2 |      43 |      37 |  46.2 |      22 |       1 |   4.3
        D:3 |     238 |       0 |   0.0 |      36 |       0 |   0.0
        D:4 |      88 |     573 |  86.7 |       6 |      13 |  68.4
        D:5 |     248 |     364 |  59.5 |      14 |       7 |  33.3
        D:6 |     971 |       0 |   0.0 |      28 |       0 |   0.0
        D:7 |      50 |       0 |   0.0 |       4 |       0 |   0.0
            +---------+---------+-------+---------+---------+-------
